 Dungeon Crawl Stone Soup version 0.31-a0-986-g5e6e4ef867 (webtiles) character file.

Game seed: 8014438121227779236

180429 dialectric the Imperceptible (level 17, -5/89 HPs)
             Began as a Spriggan Delver on Nov 24, 2023.
             Was the Champion of Dithmenos.
             Slain by a wolf spider (18 damage)
             ... on level 3 of the Spider Nest.
             The game lasted 01:41:27 (37515 turns).

dialectric the Imperceptible (Spriggan Delver)     Turns: 37515, Time: 01:41:27

Health: -5/89      AC: -2    Str: 16    XL:     17   Next: 64%
Magic:  1/39       EV: 32    Int: 15    God:    Dithmenos [******]
Gold:   2408       SH:  0    Dex: 19    Spells: 33/50 levels left

rFire   + . .        s - +9 quick blade of Laceration {distort, rF+ Str+6 Int+3 Dex-3}
rCold   + + .        (no shield)
rNeg    . . .        R - +2 robe {rC+}
rPois   .            (helmet restricted)
rElec   .            j - +0 cloak
rCorr   .            (gloves unavailable)
SInv    +            (boots unavailable)
Will    ++...        y - amulet of the acrobat Stlth ********++
                     h - +4 ring of protection
HPRegen 0.34/turn    P - ring of wizardry
MPRegen 0.26/turn

%: acrobat, wizardry (x1)
@: lethally poisoned (-5 -> -44), marked, corroded, slowed, wreathed by umbra,
studying Spellcasting, quick
A: very small, no large weapons, unfitting armour, see invisible, speed 3,
talons 1, cold resistance 1
a: Renounce Religion, Shadow Step, Shadow Form


You were on level 3 of the Spider Nest.
You worshipped Dithmenos.
Dithmenos was exalted by your worship.
You visited 7 branches of the dungeon, and saw 31 of its levels.
You also visited: Bailey and Ice Cave.

You collected 3129 gold pieces.
You spent 721 gold pieces at shops.

Inventory:

Hand Weapons
 s - the +9 quick blade of Laceration (weapon) {distort, rF+ Str+6 Int+3 Dex-3}
   (You acquired it on level 7 of the Dungeon)

   Str+6:     It affects your strength (+6).
   Int+3:     It affects your intelligence (+3).
   Dex-3:     It affects your dexterity (-3).
   rF+:       It protects you from fire.
 D - a +4 rapier of freezing
Missiles
 a - a throwing net
 g - 5 darts of dispersal
 n - 23 poisoned darts (quivered)
 S - a curare-tipped dart
Armour
 j - a +0 cloak (worn)
 E - the +1 robe "Suawued" {Harm Str+3 Int+7 Dex-5}
   (You found it on level 6 of the Dungeon)

   Str+3:     It affects your strength (+3).
   Int+7:     It affects your intelligence (+7).
   Dex-5:     It affects your dexterity (-5).
   Harm:      It increases damage dealt and taken.
 L - +0 ice dragon scales
 O - a +0 troll leather armour
 R - a +2 robe of cold resistance (worn)
 Y - a +0 robe of resistance
Jewellery
 b - a ring of protection from cold
 h - a +4 ring of protection (left hand)
 u - a +4 ring of slaying
 y - an amulet of the acrobat (around neck)
 G - a ring of positive energy
 P - a ring of wizardry (right hand)
 U - a ring of willpower
 W - a ring of resist corrosion
Wands
 r - a wand of acid (5)
 x - a wand of flame (13)
 z - a wand of iceblast (22)
 I - a wand of mindburst (6)
 Q - a wand of polymorph (8)
 Z - a wand of paralysis (3)
Scrolls
 c - 5 scrolls of fog
 d - 3 scrolls of revelation
 e - a scroll of fear
 l - 3 scrolls of noise
 q - 2 scrolls of blinking
 A - 8 scrolls of immolation
 C - a scroll of butterflies
 H - 3 scrolls of poison
 M - 2 scrolls of enchant armour
 T - 7 scrolls of teleportation
 V - 2 scrolls of silence
 X - 5 scrolls of enchant weapon
Potions
 f - 5 potions of haste
 i - a potion of enlightenment
 k - 9 potions of curing
 m - 4 potions of attraction
 o - 5 potions of heal wounds
 p - 6 potions of magic
 t - 6 potions of lignification
 v - 7 potions of might
 w - 4 potions of berserk rage
 B - 5 potions of brilliance
 F - 2 potions of ambrosia
 J - 2 potions of invisibility
 K - 3 potions of resistance
 N - a potion of mutation


   Skills:
 - Level 10.0 Fighting
 - Level 14.0 Short Blades
 - Level 2.0 Armour
 + Level 17.5 Dodging
 + Level 25.3 Stealth
 + Level 17.0 Spellcasting
 - Level 8.0 Conjurations
 - Level 5.0 Necromancy
 + Level 2.5 Ice Magic
 - Level 4.2 Air Magic


You had 33 spell levels left.
You knew the following spells:

 Your Spells              Type           Power      Damage    Failure   Level
a - Freezing Cloud        Conj/Ice/Air   13%        6-21      7%          5
b - Iskenderun's Battles  Conj           36%        2d9       1%          5
c - Shock                 Conj/Air       100%       1d9       1%          1
d - Death Channel         Necr           13%        N/A       34%         6

Your spell library contained the following spells:

 Spells                   Type           Power      Damage    Failure   Level
 Necrotise                Necr           100%       1d9       1%          1
 Cigotuvi's Dreadful Rot  Necr/Pois/Air  44%        N/A       1%          2
 Poisonous Vapours        Pois/Air       38%        N/A       1%          2
 Mephitic Cloud           Conj/Pois/Air  25%        N/A       1%          3
 Ozocubu's Armour         Ice            20%        N/A       1%          3
 Swiftness                Air            25%        N/A       1%          3
 Vampiric Draining        Necr           27%        2d7       1%          3
 Animate Dead             Necr           27%        N/A       2%          4
 Airstrike                Air            12%        2d(2-18)  3%          4
 Arcjolt                  Conj/Air       15%        1d25      4%          5
 Ignite Poison            Fire/Tmut/Pois 12%        N/A       6%          3
 Inner Flame              Hex/Fire       12%        N/A       6%          3
 Agony                    Necr           27%        N/A       7%          5
 Vhi's Electric Charge    Tloc/Air       38%        N/A       9%          4
 Manifold Assault         Tloc           12%        N/A       19%         4
 Borgnjor's Vile Clutch   Necr/Erth      10%        N/A       19%         5
 Yara's Violent Unravell  Hex/Tmut       6%         3d5       45%         5
 Bombard                  Conj/Erth      12%        9d3       45%         6
 Plasma Beam              Fire/Air       9%         2x1d20    73%         6
 Dispersal                Tloc           6%         N/A       94%         6
 Spellforged Servitor     Conj/Summ      12%        N/A       95%         7
 Ozocubu's Refrigeration  Ice            10%        4d9       99%         7
 Enfeeble                 Hex            6%         N/A       100%        7
 Disjunction              Tloc           6%         N/A       100%        8


Dungeon Overview and Level Annotations

Branches:
Dungeon (15/15)            Temple (1/1) D:5            Lair (5/5) D:10
  Swamp (4/4) Lair:3       Spider (3/4) Lair:2        Slime (0/5) Lair:5
    Orc (2/2) D:11            Elf (1/3) Orc:2        Vaults (0/5) D:13
 Bailey (visited)           IceCv (visited)
 Depths: D:15

Altars:
Ashenzari
Cheibriados
Dithmenos
Elyvilon
Fedhas
Gozag
Hepliaklqana
Kikubaaqudgha
Makhleb
Nemelex Xobeh
Okawaru
Qazlal
Ru
Sif Muna
Trog
Uskayaw
Vehumet
Wu Jian
Xom
Yredelemnul
Zin
The Shining One
Jiyva

Shops:
D:3 !   D:5 :   D:7 :   D:12 [   Orc:2 *=**

Portals:
Abyss: Swamp:3

Annotations:
D:8 2 transporters, wally255's ghost, novice TrMo
D:13 3 runed translucent doors, Vauhadiu's ghost, novice FoFi
D:15 1 runed translucent door, Bekuax's ghost, journeyman DgVM; Roxanne
Lair:5 exclusion: obsidian statue
Swamp:3 2 transporters, Kikiss's ghost, adept DrSh
Orc:1 2 transporters, gelatine's ghost, journeyman DsFi
Elf:1 Donald
Abyss:1 Psyche


Innate Abilities, Weirdness & Mutations

You are very small and have problems with some larger weapons.
You are too small for most types of armour.
You have supernaturally acute eyesight. (SInv)
You cover ground extremely quickly. (Speed+++)
You have sharp toenails.
Your flesh is cold resistant. (rC+)


Message History

The entropy weaver gestures at you while chanting.
The entropic weave corrodes you!
The wolf spider completely misses you. x2
The moth of wrath goads the wolf spider on!
The wolf spider goes berserk!
The wolf spider misses you. The wolf spider bites you!
You are poisoned.
The wolf spider poisons you! The ghost moth stares at you.
You feel your power leaking away.
The entropy weaver casts a spell at you.
The entropic weave corrodes you!
You feel very sick.
The wolf spider attacks as it pursues you!
The wolf spider completely misses you. x4
The ghost moth stares at you.
You feel your power leaking away.
The entropy weaver points at you and mumbles some strange words.
The entropic weave corrodes you!
The torpor snail briefly extends its eye-stalks.
You feel very sick.
The wolf spider attacks as it pursues you!
The wolf spider barely misses you. The wolf spider completely misses you.
The wolf spider misses you. The wolf spider completely misses you.
The ghost moth stares at you.
You feel your power leaking away.
As you read the scroll of fear, it crumbles to dust.
You assume a fearsome visage.
The entropy weaver looks frightened!
The torpor snail looks frightened!
The moth of wrath looks frightened!
The ghost moth looks frightened!
The entropy weaver looks frightened!
The redback looks frightened!
The jumping spider looks frightened!
The redback looks frightened!
The pharaoh ant is unaffected.
The culicivora looks frightened!
The redback looks frightened!
The wolf spider is unaffected.
You feel very sick. The wolf spider hits you!! The wolf spider bites you!!
* * * LOW HITPOINT WARNING * * *
You are lethally poisoned!
The wolf spider poisons you! The wolf spider completely misses you.
The wolf spider bites you!!
You die...

# #.|.....~~....^ #.#
#.....s~..... # .. #....B..##...
.#.. #.#..sw....#..# ##.. ##
#.^^B...B....$# #...#.#
#####s#ss...#.# .^^...#
#.y^y#....# ###<.#
#######s.#.#.### .....##
#..##~#.@#^..#.#
..##..###..#..#^.$...<.##
......#..#....###..#..~~######
..###..#....#.#.#.>#..#~##.#~###
...#...............#...^#...#≈≈#
.####..........^^...^......#~≈≈
## ##.#.#^....##...#......~≈≈##
.# #...#.#.#..#....##.#.~≈≈≈≈#
.# #..#^....#>.^.###..^###~≈#


You could see a ghost moth (invisible, fleeing), 2 entropy weavers, a torpor
snail (fleeing), a wolf spider (berserk), a moth of wrath (fleeing), a
culicivora (fleeing), a pharaoh ant, a jumping spider (fleeing) and 3 redbacks.

Vanquished Creatures
  Rupert (D:15)
  2 emperor scorpions (Spider:2)
  A ghost moth (Spider:2)
  An orc warlord (D:11)
  3 dire elephants (Lair:5)
  Azrael (D:13)
  An ettin (Lair:3)
  2 entropy weavers
  Josephine (D:15)
  Fannar (Lair:1)
  A rakshasa (D:15)
  5 hydras
  2 vault guards
  Erolcha (Orc:1)
  2 ironbound frosthearts (IceCv)
  5 alligators
  4 centaur warriors
  5 boulder beetles
  8 two-headed ogres
  3 tengu warriors
  10 death yaks
  6 dancing weapons (Elf:1)
  An orc high priest (Orc:2)
  4 demonic crawlers
  Nergalle (Lair:2)
  2 skysharks (Lair:5)
  3 deep elf knights (Elf:1)
  2 spectral death yaks (Lair:5)
  Amaemon (Lair:2)
  2 pharaoh ants
  7 skeletal warriors
  A goliath frog (Swamp:2)
  A sun moth (Spider:3)
  A spectral anaconda (Lair:5)
  2 orb spiders
  3 swamp dragons (Swamp:2)
  9 deep elf pyromancers
  7 orc knights
  3 bog bodies
  A lindwurm (Lair:5)
  12 deep elf zephyrmancers
  2 steelbarb worms
  7 wolf spiders
  2 necromancers (Lair:5)
  4 orc sorcerers
  3 manticores
  8 ugly things
  7 cyclopes
  4 elephants (Lair:5)
  Maurice (D:13)
  4 black mambas
  14 cane toads
  An ice statue (IceCv)
  An orange demon (Lair:2)
  A dire elephant skeleton (Lair:5)
  5 torpor snails
  3 kobold demonologists
  2 unseen horrors
  6 rime drakes
  10 komodo dragons
  5 meliai
  15 polar bears
  6 trolls
  A troll (shapeshifter) (D:15)
  3 hornets (Swamp:1)
  A bloated husk (Swamp:3)
  A tyrant leech (Swamp:2)
  7 saltlings (Orc:2)
  15 tarantellas
  15 blink frogs
  A glass eye (shapeshifter) (D:15)
  27 dream sheep
  13 jumping spiders
  A shadow (D:12)
  A centaur simulacrum (D:15)
  11 culicivoras
  2 wyverns
  3 spriggans (Swamp:1)
  A slime creature (D:13)
  7 wraiths
  3 fire elementals
  41 yaks
  2 vampires (D:10)
  A basilisk (shapeshifter) (D:8)
  A basilisk (Lair:3)
  23 redbacks
  3 steam dragons
  13 vampire mosquitoes
  A death yak simulacrum (Lair:5)
  8 swamp worms
  13 wargs
  Edmund (D:4)
  3 spectral cane toads (Lair:5)
  2 acid dragons
  3 hell hounds
  11 water moccasins
  25 orc warriors
  A swamp drake (Lair:5)
  2 ice beasts (D:8)
  3 black bears
  An elephant zombie (Lair:5)
  35 wolves
  6 ogres
  12 centaurs
  A phantom (D:6)
  17 bullfrogs
  6 kobold brigands
  2 scorpions (D:6)
  3 cane toad simulacra (Lair:5)
  13 wights
  8 killer bees
  An elephant simulacrum (Lair:5)
  An electric eel (Lair:5)
  11 howler monkeys
  4 gnoll boudas
  6 hounds
  17 orc priests
  8 jellies
  2 sleepcaps (D:4)
  3 iguanas
  10 hell rats
  20 orc wizards
  7 gnolls
  6 river rats (Lair:3)
  8 adders
  A shadow imp (D:8)
  14 white imps
  4 ufetubi (D:6)
  A worm (D:3)
  4 dart slugs
  109 orcs
  3 ball pythons
  9 endoplasms
  5 giant cockroaches
  3 goblins
  4 hobgoblins
  3 jackals (D:4)
  4 quokkas
  5 bats
  4 frilled lizards
  A goblin zombie (D:6)
  22 kobolds
  A quokka zombie (D:6)
  6 rats
921 creatures vanquished.

Vanquished Creatures (others)
  A bloated husk (Swamp:1)
  A centaur (D:13)
  An orc (Orc:1)
  An endoplasm (Lair:5)
4 creatures vanquished.

Grand Total: 925 creatures vanquished

Notes
Turn   | Place    | Note
-------+----------+-------------------------------------------
     0 | D:5      | dialectric the Spriggan Delver began the quest for the Orb.
     0 | D:5      | Reached XP level 1. HP: 11/11 MP: 2/2
    12 | D:5      | Found Wabafeb's Book Shoppe.
    20 | D:5      | Noticed a black bear
    51 | D:5      | Found a staircase to the Ecumenical Temple.
    70 | D:5      | Killed a black bear
    71 | D:5      | Reached skill level 8 in Stealth
    71 | D:5      | Reached XP level 2. HP: 13/16 MP: 3/3
    71 | D:5      | Reached XP level 3. HP: 16/20 MP: 4/4
    71 | D:5      | Reached XP level 4. HP: 20/24 MP: 5/5
    90 | Temple   | Entered the Ecumenical Temple
   165 | Temple   | Became a worshipper of Dithmenos the Shadowed
   308 | D:4      | Reached XP level 5. HP: 25/28 MP: 6/6
   342 | D:4      | Noticed Edmund
   351 | D:4      | Killed Edmund
   352 | D:4      | Reached skill level 5 in Dodging
   352 | D:4      | Reached XP level 6. HP: 11/32 MP: 7/7
   446 | D:4      | Found a snail-covered altar of Cheibriados.
   877 | D:2      | Identified the +8 chain mail of Joataron {Int+3}
  1656 | D:1      | Reached * piety under Dithmenos
  2205 | D:3      | Found a large runed translucent door.
  2206 | D:3      | Found a large runed translucent door.
  2338 | D:3      | Found Lefoo's Distillery.
  2355 | D:3      | Bought a potion of curing for 30 gold pieces
  2355 | D:3      | Bought a potion of curing for 30 gold pieces
  2355 | D:3      | Bought a potion of invisibility for 80 gold pieces
  2828 | D:3      | Found an ancient bone altar of Kikubaaqudgha.
  2838 | D:3      | Found a hide-covered altar of Uskayaw.
  3040 | D:4      | Reached ** piety under Dithmenos
  3093 | D:4      | Reached skill level 9 in Stealth
  3165 | D:3      | Reached XP level 7. HP: 37/37 MP: 8/8
  3919 | D:4      | Reached skill level 5 in Short Blades
  4432 | D:6      | Identified the +8 quarterstaff of Execution {heavy, *Noise
                  | Str+4 Int+6}
  4505 | D:6      | Reached skill level 10 in Stealth
  4517 | D:6      | Reached XP level 8. HP: 29/42 MP: 9/9
  4612 | D:6      | Reached skill level 5 in Fighting
  4863 | D:6      | Found a radiant altar of Vehumet.
  4867 | D:6      | Noticed a troll
  4922 | D:6      | Reached *** piety under Dithmenos
  5572 | D:5      | Reached skill level 11 in Stealth
  7066 | D:6      | Identified the +1 robe "Suawued" {Harm Str+3 Int+7 Dex-5}
  7455 | D:8      | Reached skill level 12 in Stealth
  7455 | D:8      | Reached XP level 9. HP: 15/48 MP: 8/10
  7691 | D:8      | Found a basalt altar of Yredelemnul.
  7836 | D:8      | Found a flagged portal.
  7862 | D:8      | Reached skill level 13 in Stealth
  7870 | Bailey   | Entered a bailey
  7980 | Bailey   | Learned a level 5 spell: Freezing Cloud
  8144 | Bailey   | Reached **** piety under Dithmenos
  8341 | Bailey   | Noticed an orc knight
  8448 | Bailey   | Noticed an orc knight
  8510 | D:8      | Found a transporter.
  8511 | D:8      | Found a transporter.
  8513 | D:8      | Noticed wally255's ghost (novice TrMo)
  8514 | D:8      | Noticed a two-headed ogre
  8818 | D:8      | Reached skill level 14 in Stealth
  8835 | D:8      | Noticed a cyclops
  8888 | D:7      | Found Zewoarph's Book Boutique.
  9204 | D:7      | Acquired the +9 quick blade of Laceration {distort, rF+
                  | Str+6 Int+3 Dex-3}
  9329 | D:7      | Gained mutation: Your spells are a little easier to cast,
                  | but a little less powerful. [potion of mutation]
  9329 | D:7      | Gained mutation: You are clumsy. (Dex -2) [potion of
                  | mutation]
  9331 | D:7      | Lost mutation: Your spells are a little easier to cast, but
                  | a little less powerful. [potion of mutation]
  9331 | D:7      | Lost mutation: You are clumsy. (Dex -2) [potion of
                  | mutation]
  9331 | D:7      | Gained mutation: Your flesh is cold resistant. (rC+)
                  | [potion of mutation]
  9331 | D:7      | Gained mutation: You have sharp toenails. [potion of
                  | mutation]
  9480 | D:8      | Reached skill level 10 in Dodging
  9490 | D:8      | Reached XP level 10. HP: 53/53 MP: 11/11
  9597 | D:9      | Reached skill level 15 in Stealth
  9980 | D:9      | Reached ***** piety under Dithmenos
 10038 | D:9      | Noticed a cyclops
 10140 | D:9      | Noticed a two-headed ogre
 10341 | D:9      | Noticed a two-headed ogre
 10351 | D:9      | Killed a two-headed ogre
 10515 | D:9      | Noticed a cyclops
 10811 | D:9      | Reached XP level 11. HP: 49/60 MP: 12/12
 10974 | D:10     | Entered Level 10 of the Dungeon
 11039 | D:10     | Learned a level 5 spell: Iskenderun's Battlesphere
 11059 | D:10     | Found a staircase to the Lair.
 11086 | D:10     | Noticed a two-headed ogre
 11115 | D:10     | Killed a two-headed ogre
 11787 | D:11     | Noticed a two-headed ogre
 11805 | D:11     | Killed a two-headed ogre
 12041 | D:10     | Reached skill level 1 in Spellcasting
 12171 | D:11     | Reached skill level 1 in Armour
 12277 | D:11     | Found a staircase to the Orcish Mines.
 12559 | Lair:1   | Entered Level 1 of the Lair of Beasts
 12599 | Lair:1   | Reached skill level 16 in Stealth
 12882 | Lair:1   | Reached skill level 17 in Stealth
 12882 | Lair:1   | Reached XP level 12. HP: 66/66 MP: 17/19
 12888 | Lair:1   | Reached skill level 10 in Short Blades
 12924 | Lair:1   | Noticed Fannar
 12930 | Lair:1   | Killed Fannar
 12963 | Lair:1   | Reached skill level 5 in Spellcasting
 13617 | Orc:1    | Entered Level 1 of the Orcish Mines
 13618 | Orc:1    | Noticed an orc warlord
 13631 | D:11     | Reached skill level 18 in Stealth
 13856 | Lair:2   | Reached skill level 1 in Conjurations
 14012 | Lair:2   | Found a hole to the Spider Nest.
 14165 | Lair:2   | Noticed Amaemon
 14369 | Lair:2   | Noticed Nergalle
 14502 | D:12     | Found Urgha's Antique Armour Boutique.
 14507 | D:12     | Noticed Psyche
 14516 | D:12     | Banished Psyche
 14557 | D:12     | Reached skill level 19 in Stealth
 14980 | D:12     | Noticed a two-headed ogre
 14997 | D:12     | Killed a two-headed ogre
 15244 | D:13     | Noticed Azrael
 15319 | D:13     | Found a gate to the Vaults.
 15319 | D:13     | Noticed a vault guard
 15319 | D:13     | Noticed a two-headed ogre
 15319 | D:13     | Noticed a vault guard
 15319 | D:13     | Noticed a vault guard
 15319 | D:13     | Noticed a two-headed ogre
 15320 | D:13     | Noticed a vault guard
 15320 | D:13     | Noticed a four-headed hydra
 15516 | Lair:2   | Killed Nergalle
 15613 | Lair:2   | Reached skill level 1 in Air Magic
 15617 | Lair:2   | Reached skill level 1 in Ice Magic
 15646 | Lair:3   | Reached ****** piety under Dithmenos
 15657 | Lair:3   | Noticed a five-headed hydra
 15708 | Lair:2   | Reached skill level 20 in Stealth
 15710 | Lair:2   | Reached XP level 13. HP: 70/70 MP: 25/25
 18091 | D:11     | Banished an orc warlord
 18192 | D:11     | Reached skill level 5 in Conjurations
 18246 | Orc:1    | Found a transporter.
 18251 | Orc:1    | Noticed gelatine's ghost (journeyman DsFi)
 18332 | Orc:1    | Noticed an orc warlord
 18877 | Lair:3   | a six-headed hydra changed into an ettin
 18877 | Lair:3   | Noticed an ettin
 18886 | Lair:3   | Killed an ettin
 18887 | Lair:3   | Reached skill level 10 in Spellcasting
 19069 | Lair:3   | Found a staircase to the Swamp.
 19167 | Lair:4   | Found a frozen archway.
 19477 | IceCv    | Entered an ice cave
 19616 | IceCv    | Reached XP level 14. HP: 75/75 MP: 29/29
 19775 | IceCv    | Identified the +1 battleaxe of Tenacity {spect, rC+ Str+3}
 21323 | Lair:5   | Entered Level 5 of the Lair of Beasts
 21676 | Lair:5   | Reached skill level 21 in Stealth
 22875 | D:13     | Noticed Maurice
 22881 | D:13     | Killed Maurice
 22922 | D:14     | Found an iron altar of Okawaru.
 22948 | D:14     | Identified the +3 quarterstaff of Dugodyatz {speed, rElec
                  | rF+ Int+2 Stlth-}
 23034 | D:14     | Reached XP level 15. HP: 79/79 MP: 32/32
 23062 | D:12     | Reached skill level 22 in Stealth
 24449 | D:13     | Found a shadowy altar of Dithmenos.
 24519 | D:13     | Found a runed translucent gate.
 24519 | D:13     | Found a runed translucent gate.
 24519 | D:13     | Found a runed translucent gate.
 24533 | D:13     | Noticed Vauhadiu's ghost (novice FoFi)
 24537 | D:13     | Identified the +3 demon trident "Plog" {flame, rPois Str+3
                  | Int+6}
 25078 | Orc:1    | Found a transporter.
 25327 | Orc:1    | Noticed Erolcha
 25336 | Orc:1    | Killed Erolcha
 25337 | Orc:1    | Reached skill level 15 in Dodging
 25492 | Orc:2    | Entered Level 2 of the Orcish Mines
 25510 | Orc:2    | Found a staircase to the Elven Halls.
 25993 | Orc:2    | Found Norhol's Assorted Antiques.
 26081 | Swamp:3  | Identified the of Tujudo
 26081 | Elf:1    | Entered Level 1 of the Elven Halls
 26221 | Elf:1    | Noticed Donald
 26567 | Orc:2    | Found Acett's General Store.
 26577 | Orc:2    | Bought a scroll of teleportation for 36 gold pieces
 26581 | Orc:2    | Bought a scroll of teleportation for 75 gold pieces
 26581 | Orc:2    | Bought a potion of curing for 75 gold pieces
 26581 | Orc:2    | Bought a wand of flame (14) for 245 gold pieces
 26592 | Orc:2    | Found Kitamofo's Jewellery Shoppe.
 27323 | Lair:5   | Found a staircase to the Slime Pits.
 27670 | Lair:5   | Identified the +4 long sword of the Badger {drain, rElec}
 27750 | Lair:5   | Reached XP level 16. HP: 57/84 MP: 34/34
 27843 | Lair:5   | Found a viscous altar of Jiyva.
 28424 | Lair:5   | Reached skill level 23 in Stealth
 29130 | Swamp:1  | Entered Level 1 of the Swamp
 29342 | Lair:2   | Killed Amaemon
 29378 | Spider:1 | Entered Level 1 of the Spider Nest
 29592 | D:11     | Reached skill level 10 in Fighting
 29974 | Orc:2    | Found Qumm's Assorted Antiques.
 29983 | Orc:2    | Bought a potion of heal wounds for 150 gold pieces
 30625 | D:15     | Entered Level 15 of the Dungeon
 31074 | Spider:1 | HP: 3/85 [meliai/divine providence (15)]
 31546 | Swamp:1  | Reached skill level 15 in Spellcasting
 32036 | Swamp:2  | Noticed a thorn hunter
 32531 | D:13     | Found an iron altar of Okawaru.
 32718 | D:15     | Noticed Josephine
 32726 | D:15     | Killed Josephine
 32786 | D:15     | Reached skill level 24 in Stealth
 32893 | D:15     | Noticed Roxanne
 32933 | D:15     | Noticed Rupert
 32935 | D:15     | Found a runed translucent door.
 32936 | D:15     | Noticed Bekuax's ghost (journeyman DgVM)
 32953 | D:15     | Killed Rupert
 33426 | D:13     | Killed Azrael
 33822 | Elf:1    | Reached XP level 17. HP: 89/89 MP: 37/37
 33932 | Orc:2    | Learned a level 1 spell: Shock
 34120 | Lair:3   | Learned a level 6 spell: Death Channel
 34515 | Swamp:3  | Found a transporter.
 34519 | Swamp:3  | Reached skill level 1 in Necromancy
 34579 | Swamp:3  | Found a transporter.
 34685 | Swamp:3  | Found a one-way gate to the infinite horrors of the Abyss.
 34685 | Swamp:3  | Noticed Kikiss's ghost (adept DrSh)
 35002 | Swamp:4  | Entered Level 4 of the Swamp
 35303 | Spider:1 | Reached skill level 25 in Stealth
 37294 | Spider:3 | Reached skill level 5 in Necromancy
 37515 | Spider:3 | Slain by a wolf spider

Illustrated notes

Levels and vault maps discovered:
D:1:      psy_arrival_radial01, layout_basic
D:2:      layout_basic, chequers_decorated_corner
D:3:      layout_rooms, jmf_multi_god_temple2, serial_shops,
          nicolae_shop_tiny_glass, chequers_serial_rivers_large_a,
          grunt_decor_mini_mirrors, kennysheep_generic_room_7
D:4:      layout_basic, general_overflow_altar, chequers_hall_statues_wall_a,
          grunt_ministairs_1, uniq_edmund
D:5:      layout_basic, minmay_temple_entry_arrows, serial_shops,
          nicolae_stop_n_shop_2
D:6:      layout_loops_ring, nicolae_vehumet_altar_sigil, enter_ossuary_4
D:7:      layout_cave_pools, serial_shops, nicolae_diamond_shop,
          dk_rats_in_the_wall
D:8:      nzn_winding_woodlands_medium [nzn_winding_woodlands_hourglass,
          nzn_winding_woodlands_5x15_cabin, nzn_winding_woodlands_5x5_perimeter,
          nzn_winding_woodlands_5x5_open_star,
          nzn_winding_woodlands_center_diamonds,
          nzn_winding_woodlands_5x5_checkerboard,
          nzn_winding_woodlands_5x5_closed_star,
          nzn_winding_woodlands_5x15_pathside_ponds,
          nzn_winding_woodlands_5x5_three], layout_rooms,
          mainiacjoe_overflow_paths, gammafunk_ghost_smash, enter_bailey_8
D:9:      lemuel_castle_with_subvaults [lemuel_castle_interior_carwin_3],
          layout_stronghold, nicolae_figureground_sparkle
D:10:     layout_roguey, lair_entry_dummy, minmay_misc_feat_alley,
          hangedman_abyss_or_decor_stagger, serial_bayou_pond_d,
          reono_crystal_passage, minmay_door_square
D:11:     layout_long_grid, orc_0_dummy
D:12:     layout_roguey, serial_shops, shop, kennysheep_generic_room_14,
          uniq_psyche
D:13:     layout_rooms, lightli_vaults_fourway_checkpoint,
          gammafunk_ghost_fury_of_okawaru, nicolae_dithmenos_shadow_blocks,
          uniq_maurice, uniq_azrael
D:14:     layout_basic, okawaru_trees_2, elves_outpost_lemuel
D:15:     gammafunk_enter_depths_forms, layout_long_grid, gammafunk_ghost_grave,
          chequers_serial_rivers_micro_a, uniq_roxanne, uniq_rupert,
          uniq_josephine
Temple:   minmay_temple_bridge_d
Lair:1:   layout_cave_pods, uniq_fannar
Lair:2:   layout_regular_city, nicolae_spider_entry_tight_spaces, st_stairs_10,
          cheibrodos_lair_reptile_den, uniq_amaemon, uniq_nergalle
Lair:3:   layout_regular_city, palyth_hydra_swamp_entry,
          kennysheep_abandoned_house
Lair:4:   layout_loops_ring, portal_ice_cave_entry_imps,
          infiniplex_staircase_pool_2
Lair:5:   due_jungle_book, layout_cellular_growth,
          nicolae_slime_entry_slimehenge, guppyfry_lair_drakes,
          grunt_megastairs_5, infiniplex_staircase_pool
Swamp:1:  layout_basic_swamp, evilmike_swamp_ruin_house_5, swamp_pool_1_2
Swamp:2:  layout_basic_swamp, evilmike_swamp_ruin_house_3, swamp_pool_3,
          st_swamp_ruins_2
Swamp:3:  layout_basic_swamp, gammafunk_ghost_abyssal_escape, serial_swamp_ruin,
          evilmike_swamp_ruin_house_2, evilmike_swamp_ruin_house_1
Swamp:4:  swamp_old_school, layout_basic_swamp, swamp_pool_3, uniq_mlioglotl
Spider:1: layout_chambers
Spider:2: layout_spider_delve
Spider:3: layout_spider_delve, nicolae_spider_not_touching_you
Orc:1:    layout_caves, basic_altar, gammafunk_ghost_arena, uniq_erolcha
Orc:2:    hellmonk_orc_salted, layout_diamond_mine
Elf:1:    eino_elf_arrival_the_gate, layout_geoelf_diagonals,
          hangedman_elven_crosses_minicolossus, minmay_misc_feat_ornament,
          uniq_donald

Skill      XL: |  1  2  3  4  5  6  7  8  9 10 11 12 13 14 15 16 17 |
---------------+----------------------------------------------------+-----
Fighting       | 3 4 6 8 9 10 | 10.0
Short Blades   | 3 4 5 6 7 9 10 12 13 14 | 14.0
Dodging        | 3 4 5 6 8 10 11 12 13 16 17 | 17.5
Stealth        | 8 9 10 12 14 15 17 20 21 22 24 25 | 25.3
Spellcasting   | 4 7 10 12 13 15 17 | 17.0
Armour         | 2 |  2.0
Conjurations   | 3 5 6 7 8 |  8.0
Air Magic      | 1 3 4 |  4.2
Ice Magic      | 1 2 |  2.5
Necromancy     | 5 |  5.0

Action                     |  1- 3 |  4- 6 |  7- 9 | 10-12 | 13-15 | 16-18 || total
---------------------------+-------+-------+-------+-------+-------+-------++-------
  Melee: Short sword       |     3 |   266 |   306 |       |       |       ||   575
         Punch             |       |     3 |    13 |     3 |    16 |    16 ||    51
         Rapier            |       |       |   267 |       |       |       ||   267
         Quick blade       |       |       |    15 |   485 |  1372 |   854 ||  2726
         Kick              |       |       |     5 |   144 |   477 |   345 ||   971
  Throw: Dart              |       |    22 |    82 |    52 |    89 |    10 ||   255
   Cast: Iskenderun's Batt |       |       |       |       |    12 |     1 ||    13
         Freezing Cloud    |       |       |       |       |       |     2 ||     2
 Invoke: Shadow Step       |       |       |     1 |     1 |     2 |       ||     4
  Evoke: Wand              |       |       |    26 |     8 |    38 |     1 ||    73
    Use: Potion            |       |     2 |     4 |     1 |       |     2 ||     9
         Scroll            |       |       |    14 |     8 |     8 |     4 ||    34
   Stab: Sleeping          |     1 |    25 |    27 |    43 |    81 |    90 ||   267
         Invisible         |       |       |     9 |       |       |       ||     9
         Distracted        |       |       |     2 |     3 |    19 |    13 ||    37
         Confused          |       |       |     1 |       |       |       ||     1
         Fleeing           |       |       |       |       |     1 |       ||     1
 Armour: Robe              |     3 |    67 |   136 |    44 |   194 |    92 ||   536
  Dodge: Dodged            |     9 |   270 |   663 |   221 |   748 |   432 ||  2343

Table legend: (Time is in decaauts)
 A = Elapsed time spent in this place.
 B = Non-inter-level travel time spent in this place.
 C = Inter-level travel time spent in this place.
 D = Time resting spent in this place.
 E = Time spent auto-exploring this place.
 F = Levels seen in this place.
 G = Mean time per level.
                   A        B        C        D        E       F      G
               +--------+--------+--------+--------+--------+-----+--------+
         Total |  26818 |  24256 |   2562 |   2785 |  12465 |  33 |  812.7 |
       Dungeon |  13173 |  11779 |   1394 |   1480 |   5999 |  15 |  878.2 |
        Temple |    103 |     25 |     78 |      0 |      3 |   1 |  103.0 |
          Lair |   7300 |   6479 |    821 |   1018 |   3233 |   5 | 1460.0 |
         Swamp |   1427 |   1395 |     32 |    277 |    470 |   4 |  356.8 |
   Spider Nest |   1700 |   1631 |     69 |      9 |   1090 |   3 |  566.7 |
  Orcish Mines |   1778 |   1640 |    138 |      0 |   1037 |   2 |  889.0 |
   Elven Halls |    362 |    336 |     26 |      0 |    123 |   1 |  362.0 |
        Bailey |    492 |    492 |      0 |      0 |    231 |   1 |  492.0 |
      Ice Cave |    480 |    480 |      0 |      0 |    276 |   1 |  480.0 |
               +--------+--------+--------+--------+--------+-----+--------+

Top non-repeatable levels by time:
  Lair:4: 1712 daAuts
  Lair:3: 1629 daAuts
    D:11: 1595 daAuts
  Lair:5: 1570 daAuts
  Lair:2: 1441 daAuts
     D:6: 1327 daAuts
    D:13: 1319 daAuts
Spider:1: 1092 daAuts
   Orc:2: 1086 daAuts
     D:4: 1009 daAuts
     D:9: 997 daAuts
    D:12: 980 daAuts
  Lair:1: 947 daAuts
     D:5: 942 daAuts
    D:14: 938 daAuts
